 Dungeon Crawl Stone Soup version 0.30-b1-2-g02819fbbbe (webtiles) character file.

Game seed: 8243636188364305987

1692599 Hedron the Intangible (level 27, 247/247 HPs)
             Began as a Merfolk Gladiator on Nov 6, 2023.
             Was the Champion of Fedhas.
             Escaped with the Orb
             ... and 3 runes on Nov 10, 2023!
             The game lasted 04:06:48 (67022 turns).

Hedron the Intangible (Merfolk Gladiator)          Turns: 67022, Time: 04:06:48

Health: 247/247    AC: 33    Str: 25    XL:     27
Magic:  32/32      EV: 27    Int:  7    God:    Fedhas [******]
Gold:   2245       SH: 25    Dex: 27    Spells: 26/26 levels left

rFire   + + +        L - +8 demon trident (flame)
rCold   + + +        m - +4 kite shield "Goesuma" {rC+ rN+ Str+3}
rNeg    + + .        Y - +5 plate armour of Hotaong {rF+++ rC- Int-5 Dex+6}
rPois   +            i - +2 helmet {SInv}
rElec   +            M - +2 cloak {Will+}
rCorr   +            y - +3 pair of gauntlets of War {Slay+5}
SInv    +            V - +2 pair of boots of the Big Bang {Int+4}
Will    ++++.        h - amulet of reflection Stlth
                     T - ring "Deleuk" {rElec rPois rC+ rN+}
HPRegen 0.61/turn    d - ring of Qair {+Blink rC+ Will+ rCorr}
MPRegen 0.23/turn

%: reflection
@: studying Stealth
A: (nimble swimmer 2), mertail, iridescent scales 1, cold resistance 1, deformed
body, deterioration 1, poison resistance, inability to read after injury 1
0: Orb of Zot
}: 3/15 runes: barnacled, silver, gossamer
a: Renounce Religion, Evoke Blink, Wall of Briars, Grow Ballistomycete,
Overgrow, Grow Oklob


You escaped.
You worshipped Fedhas.
Fedhas was exalted by your worship.
You visited 10 branches of the dungeon, and saw 48 of its levels.
You visited the Abyss 2 times.
You also visited: Desolation.

You collected 7322 gold pieces.
You spent 5077 gold pieces at shops.

Inventory:

Hand Weapons
 L - a +8 demon trident of flaming (weapon)
Missiles
 e - 8 javelins
 g - 7 silver javelins (quivered)
 n - 69 boomerangs
 p - 74 poisoned darts
 G - 8 boomerangs of dispersal
 H - 9 curare-tipped darts
 K - 15 atropa-tipped darts
 O - 11 throwing nets
Armour
 i - a +2 helmet of see invisible (worn)
 m - the +4 kite shield "Goesuma" (worn) {rC+ rN+ Str+3}
   (You found it on level 3 of the Dungeon)

   Str:       It affects your strength (+3).
   rC:        It protects you from cold.
   rN:        It protects you from negative energy.
 y - the +3 pair of gauntlets of War (worn) {Slay+5}
   (You bought it in a shop on level 2 of the Orcish Mines)

   Slay:      It affects your accuracy & damage with ranged weapons and melee
   (+5).
 M - a +2 cloak of willpower (worn)
 V - the +2 pair of boots of the Big Bang (worn) {Int+4}
   (You found it on level 3 of the Shoals)

   Int:       It affects your intelligence (+4).
 Y - the +5 plate armour of Hotaong (worn) {rF+++ rC- Int-5 Dex+6}
   (You found it on level 4 of the Depths)

   Int:       It affects your intelligence (-5).
   Dex:       It affects your dexterity (+6).
   rF:        It renders you almost immune to fire.
   rC:        It makes you vulnerable to cold.
Jewellery
 c - the ring of Neurosis {rF+ Int+5 Slay+6 Stlth+}
   (You found it in the Desolation of Salt)

   [ring of protection from fire]

   Int:       It affects your intelligence (+5).
   Slay:      It affects your accuracy & damage with ranged weapons and melee
   (+6).
   rF:        It protects you from fire.
   Stlth:     It makes you more stealthy.
 d - the ring of Qair (right hand) {+Blink rC+ Will+ rCorr}
   (You took it off a servant of whispers in the Desolation of Salt)

   [ring of resist corrosion]

   rC:        It protects you from cold.
   +Blink:    It lets you blink.
   rCorr:     It protects you from acid and corrosion.
   Will:      It increases your willpower.
 h - an amulet of reflection (around neck)
 s - the ring of Ukkitz {+Blink rCorr Int+4 Slay+2}
   (You found it on level 1 of the Spider Nest)

   [ring of resist corrosion]

   Int:       It affects your intelligence (+4).
   Slay:      It affects your accuracy & damage with ranged weapons and melee
   (+2).
   +Blink:    It lets you blink.
   rCorr:     It protects you from acid and corrosion.
 u - the ring of Usypyseh {Will+ rCorr Dex+4}
   (You found it in the Desolation of Salt)

   [ring of resist corrosion]

   Dex:       It affects your dexterity (+4).
   rCorr:     It protects you from acid and corrosion.
   Will:      It increases your willpower.
 T - the ring "Deleuk" (left hand) {rElec rPois rC+ rN+}
   (You bought it in a shop on level 1 of the Vaults)

   [ring of poison resistance]

   rC:        It protects you from cold.
   rElec:     It insulates you from electricity.
   rPois:     It protects you from poison.
   rN:        It protects you from negative energy.
Wands
 a - a wand of charming (37)
 w - a wand of flame (83)
 x - a wand of roots (46)
 E - a wand of mindburst (19)
 I - a wand of polymorph (13)
 S - a wand of quicksilver (23)
 U - a wand of digging (20)
Scrolls
 f - 22 scrolls of teleportation
 l - 2 scrolls of magic mapping
 r - 8 scrolls of fear
 t - 2 scrolls of silence
 C - 9 scrolls of fog
 N - 33 scrolls of identify
 P - 2 scrolls of blinking
 X - 2 scrolls of poison
 Z - 5 scrolls of butterflies
Potions
 b - 8 potions of flight
 j - 20 potions of curing
 k - 11 potions of heal wounds
 o - 20 potions of attraction
 q - 8 potions of ambrosia
 z - 5 potions of invisibility
 B - a potion of brilliance
 D - 10 potions of haste
 F - 5 potions of cancellation
 J - 6 potions of might
 Q - 2 potions of resistance
 R - 2 potions of mutation
 W - 3 potions of magic
Miscellaneous
 v - a box of beasts
 A - a phantom mirror


   Skills:
 - Level 26.6 Fighting
 - Level 18.0 Polearms
 + Level 22.1 Throwing
 - Level 13.9 Armour
 O Level 27 Dodging
 - Level 15.5 Shields
 - Level 12.8 Invocations
 - Level 11.2 Evocations


You had 26 spell levels left.
You didn't know any spells.
Your spell library contained the following spells:

 Spells                   Type           Power      Damage    Failure   Level
 Beastly Appendage        Tmut           0%         N/A       99%         1
 Foxfire                  Conj/Fire      0%         2x1d4     99%         1
 Kiss of Death            Conj/Necr      0%         2d5       99%         1
 Necrotise                Necr           0%         1d4       99%         1
 Sting                    Tmut/Pois      0%         1d3       99%         1
 Blink                    Tloc           0%         N/A       100%        2
 Cigotuvi's Dreadful Rot  Necr/Pois/Air  0%         N/A       100%        2
 Ensorcelled Hibernation  Hex/Ice        0%         N/A       100%        2
 Lesser Beckoning         Tloc           0%         N/A       100%        2
 Passwall                 Tmut/Erth      0%         N/A       100%        2
 Poisonous Vapours        Pois/Air       0%         N/A       100%        2
 Sublimation of Blood     Necr           0%         N/A       100%        2
 Wereblood                Tmut           0%         N/A       100%        2
 Confusing Touch          Hex            0%         N/A       100%        3
 Gell's Gravitas          Tloc           0%         N/A       100%        3
 Ignite Poison            Fire/Tmut/Pois 0%         N/A       100%        3
 Inner Flame              Hex/Fire       0%         N/A       100%        3
 Ozocubu's Armour         Ice            0%         N/A       100%        3
 Portal Projectile        Hex/Tloc       0%         N/A       100%        3
 Spider Form              Tmut/Pois      0%         N/A       100%        3
 Stone Arrow              Conj/Erth      0%         3d7       100%        3
 Swiftness                Air            0%         N/A       100%        3
 Teleport Other           Tloc           0%         N/A       100%        3
 Tukima's Dance           Hex            0%         N/A       100%        3
 Vhi's Electric Charge    Tloc/Air       0%         N/A       100%        3
 Airstrike                Air            0%         2d(0-16)  100%        4
 Anguish                  Hex/Necr       0%         N/A       100%        4
 Animate Armour           Summ/Erth      0%         N/A       100%        4
 Animate Dead             Necr           0%         N/A       100%        4
 Cause Fear               Hex            0%         N/A       100%        4
 Flame Wave               Conj/Fire      0%         2d4       100%        4
 Manifold Assault         Tloc           0%         N/A       100%        4
 Olgreb's Toxic Radiance  Pois           0%         N/A       100%        4
 Passage of Golubria      Tloc           0%         N/A       100%        4
 Petrify                  Tmut/Erth      0%         N/A       100%        4
 Sticky Flame             Conj/Fire      0%         2d3       100%        4
 Summon Lightning Spire   Summ/Air       0%         N/A       100%        4
 Alistair's Intoxication  Tmut/Pois      0%         N/A       100%        5
 Arcjolt                  Conj/Air       0%         1d10      100%        5
 Blade Hands              Tmut           0%         N/A       100%        5
 Borgnjor's Vile Clutch   Necr/Erth      0%         N/A       100%        5
 Fireball                 Conj/Fire      0%         3d3       100%        5
 Irradiate                Conj/Tmut      0%         3d11      100%        5
 Iskenderun's Battlesphe  Conj           0%         2d6       100%        5
 Metabolic Englaciation   Hex/Ice        0%         N/A       100%        5
 Yara's Violent Unravell  Hex/Tmut       0%         3d3       100%        5
 Conjure Ball Lightning   Conj/Air       0%         3x3d6     100%        6
 Eringya's Noxious Bog    Tmut/Pois      0%         N/A       100%        6
 Iron Shot                Conj/Erth      0%         9d1       100%        6
 Plasma Beam              Fire/Air       0%         2x1d11    100%        6
 Simulacrum               Ice/Necr       0%         N/A       100%        6
 Statue Form              Tmut/Erth      0%         N/A       100%        6
 Dragon Form              Tmut           0%         N/A       100%        7
 Enfeeble                 Hex            0%         N/A       100%        7
 Haunt                    Necr/Summ      0%         N/A       100%        7
 Orb of Destruction       Conj           0%         9d5       100%        7
 Spellforged Servitor     Conj/Summ      0%         N/A       100%        7
 Storm Form               Tmut/Air       0%         N/A       100%        7
 Summon Hydra             Summ           0%         N/A       100%        7
 Discord                  Hex            0%         N/A       100%        8
 Disjunction              Tloc           0%         N/A       100%        8
 Ignition                 Fire           0%         3d3       100%        8
 Infestation              Necr           0%         N/A       100%        8
 Lehudib's Crystal Spear  Conj/Erth      0%         10d2      100%        8
 Chain Lightning          Conj/Air       0%         N/A       100%        9
 Death's Door             Necr           0%         N/A       100%        9
 Fire Storm               Conj/Fire      0%         5d1       100%        9
 Shatter                  Erth           0%         3d5*      100%        9


Dungeon Overview and Level Annotations

Branches:
Dungeon (15/15)            Temple (1/1) D:7            Lair (5/5) D:10
 Shoals (4/4) Lair:3       Spider (4/4) Lair:3        Slime (0/5) Lair:4
    Orc (2/2) D:11            Elf (3/3) Orc:2        Vaults (5/5) D:13
  Crypt (0/3) Vaults:2     Depths (4/4) D:15            Zot (5/5) Depths:4
Desolation (visited)

Altars:
Ashenzari
Cheibriados
Dithmenos
Elyvilon
Fedhas
Gozag
Hepliaklqana
Kikubaaqudgha
Makhleb
Nemelex Xobeh
Okawaru
Qazlal
Ru
Sif Muna
Trog
Uskayaw
Vehumet
Wu Jian
Xom
Yredelemnul
Zin
The Shining One
Jiyva

Shops:
D:1 :   D:13 [   Orc:1 !   Orc:2 [*(:   Elf:1 *   Elf:2 !   Elf:3 :
Shoals:4 ?   Vaults:1 [=   Vaults:4 ?*=   Depths:2 [!

Portals:
Hell: Depths:1 Depths:2 Depths:3 Depths:4
Abyss: Depths:3
Pandemonium: Depths:2 Depths:4
Ziggurat: Depths:4

Annotations:
D:9 3 runed translucent doors, othur's ghost, journeyman GrFi
D:13 2 transporters, VeryBadPlayer's ghost, journeyman MiFi
Lair:5 2 transporters, exclusion: obsidian statue, noone's ghost, journeyman GrEE
Zot:4 2 transporters


Innate Abilities, Weirdness & Mutations

((You are very nimble when in or above water. (Stealth+, EV+, Speed+++)))
Your lower body shifts to a powerful aquatic tail in water.
You are partially covered in iridescent scales. (AC +2)
Your flesh is cold resistant. (rC+)
Armour fits poorly on your strangely shaped body.
Your body sometimes deteriorates upon taking damage.
Your system is resistant to poisons. (rPois)
You occasionally lose the ability to read scrolls when taking damage.


Message History

A rakshasa comes into view. It is wielding a +0 whip.
A kobold comes into view. It is wielding a +0 dagger.
The kobold shouts!
The kobold throws a stone.
You block the stone with an invisible shield... and reflect it back!
The stone hits the kobold.
The rakshasa gestures at you. The lance of force misses you.
The rakshasa gestures at you. The lance of force misses you.
The kobold throws a stone.
You block the stone with an invisible shield... and reflect it back!
The stone barely misses the kobold.
There is a staircase leading out of the dungeon here.
You puncture the kobold! You burn the kobold.
You kill the kobold!
Fedhas appreciates your contribution to the ecosystem.
You barely miss the rakshasa. The rakshasa completely misses you.
You puncture the rakshasa! You burn the rakshasa.
The rakshasa is moderately wounded.
You hit the rakshasa. You burn the rakshasa.
The rakshasa is moderately wounded.
You block the rakshasa's attack.
You skewer the rakshasa like a kebab!!! You burn the rakshasa.
The rakshasa is almost dead.
The injured rakshasa weaves a defensive illusion!
The rakshasa completely misses you.
You impale the rakshasa!! You burn the rakshasa.
You kill the rakshasa!
The rakshasa shimmers and vanishes!
You puncture the rakshasa! You burn the rakshasa.
You kill the rakshasa!
The rakshasa shimmers and vanishes!
The rakshasa gestures at you.
The lance of force hits you but does no damage.
You reach to attack!
You puncture the rakshasa! You burn the rakshasa.
You kill the rakshasa!
Fedhas accepts your kill.
No target in view!
There is a staircase leading out of the dungeon here.
You have escaped!

.....# #.......###.#.............
.....# #.......#...#.............
#....# #########'#.).............
#....#### ####.##############†#
........# ##..#.#..## #######.#
........# #.#.#.#.#.# #.......#
........# #..#...#..# #.......#
........######...).######.......#
..........+.....@.....'.#.......#
........######.....####.........#
........# #..#..)#..####.......#
........# #.#.#.#.#.# #######..
###†#########..#.#..#############
#..........####.######........##
#......###.)###'#####.........##
##..)#######....................#
..†..#∩'...############.........#


There were no monsters in sight!

Vanquished Creatures
  4 dread liches
  4 orbs of fire (Zot:5)
  3 ancient liches
  Mara (Elf:2)
  Mennas (Vaults:4)
  2 juggernauts (Depths:4)
  Boris (Depths:2)
  2 Killer Klowns (Zot:5)
  Saint Roka (Depths:1)
  Bai Suzhen (D:15)
  Vv (Zot:1)
  Margery (Vaults:4)
  8 golden dragons
  A profane servitor (Abyss:2)
  Arachne (Spider:3)
  2 electric golems
  Rupert (Lair:3)
  22 Orb Guardians
  Mlioglotl (Shoals:3)
  Zenata (Vaults:2)
  6 tentacled monstrosities
  2 deep elf master archers (Elf:3)
  3 acid blobs (Depths:4)
  3 liches
  6 titans
  6 death cobs
  A walking frostbound tome (Depths:1)
  3 quicksilver dragons
  The ghost of Ullipcorian the Executioner, an adept HOFi of Okawaru (Shoals:3)
  2 deep elf blademasters (Elf:3)
  Polyphemus (Shoals:2)
  4 sphinxes
  Gastronok (Lair:2)
  Kirke (Spider:3)
  A tentacled starspawn (Abyss:2)
  A kraken (Shoals:2)
  Agnes (Spider:2)
  6 shadow dragons
  9 tengu reavers
  3 draconian monks
  4 storm dragons
  A fenstrider witch (shapeshifter) (Vaults:5)
  A daeva (D:15)
  Ilsuiw (Shoals:3)
  3 rockslimes (Depths:4)
  10 fire giants
  5 azure jellies (Depths:4)
  3 frost giants
  2 balrugs
  7 emperor scorpions
  25 vault wardens
  A draconian knight (Depths:4)
  An imperial myrmidon (Desolation)
  6 deep elf sorcerers
  4 ghost moths
  Louise (Spider:1)
  Aizul (Lair:3)
  6 deep elf elementalists (Elf:3)
  2 draconian scorchers
  2 orc warlords
  4 draconian annihilators
  36 very ugly things
  17 ironbound preservers
  4 broodmothers
  A draconian stormcaller (Zot:3)
  5 draconian shifters
  4 war gargoyles
  5 ironbound thunderhulks
  A cacodemon (Abyss:2)
  13 stone giants
  3 quicksilver oozes (Depths:4)
  2 broodmothers (shapeshifter)
  A juggernaut skeleton (Depths:1)
  2 vampire knights
  14 green draconians
  8 white draconians
  11 deep elf annihilators
  7 black draconians
  7 deep elf demonologists
  4 purple draconians
  6 dire elephants
  3 halazid warlocks (Desolation)
  A yellow draconian (Zot:4)
  7 spark wasps
  6 red draconians
  A green death (D:12)
  11 ettins
  3 merfolk javelineers (Shoals:3)
  12 yaktaur captains
  6 merfolk impalers
  4 deep elf death magi
  3 crystal guardians (Desolation)
  4 fire dragons
  5 deep elf high priests
  An entropy weaver (shapeshifter) (D:9)
  6 entropy weavers
  10 ice dragons
  5 ironbound frosthearts
  An ice dragon (shapeshifter) (Vaults:3)
  26 vault guards
  10 great orbs of eyes
  A hydra (D:13)
  8 ragged hierophants (Desolation)
  3 radroaches
  5 servants of whispers (Desolation)
  5 spriggan air magi
  A jorogumo (Spider:1)
  4 peacekeepers
  A catoblepas (Shoals:2)
  2 ogre magi (Vaults:5)
  Erica (D:11)
  14 centaur warriors
  4 rakshasas
  2 alligator snapping turtles
  2 merfolk aquamancers
  9 boulder beetles
  7 two-headed ogres
  9 deep troll earth magi
  23 dancing weapons
  A death scarab (Spider:4)
  7 satyrs
  8 deep troll shamans
  7 tengu warriors
  3 spriggan berserkers
  7 death yaks
  2 spectral dire elephants (Lair:5)
  A vampire mage (Depths:2)
  2 thrashing horrors (Abyss:2)
  11 hell knights
  5 orc high priests
  Sonja (Lair:1)
  4 soul eaters
  Nergalle (Orc:1)
  3 sun demons
  11 deep elf knights
  7 pharaoh ants
  A wretched star (Abyss:2)
  13 iron trolls
  A spectral anaconda (Lair:5)
  17 sea snakes
  3 skysharks
  2 death drakes (Zot:4)
  2 sixfirhies (Depths:4)
  A skeletal warrior (D:13)
  4 sun moths
  2 glowing orange brains
  2 flayed ghosts
  31 ironbound convokers
  38 deep trolls
  12 orb spiders
  3 steelbarb worms
  8 wizards
  6 deep elf archers
  12 harpies
  8 orc knights
  11 lindwurms
  30 wolf spiders
  3 phantasmal warriors
  19 deep elf zephyrmancers
  8 necromancers
  A fire giant zombie (Depths:1)
  19 deep elf pyromancers
  14 manticores
  25 fauns
  4 orc sorcerers
  65 ugly things
  4 shining eyes (Depths:4)
  5 cyclopes
  8 merfolk sirens
  5 black mambas
  An elephant (shapeshifter) (Vaults:5)
  21 moths of wrath
  16 elephants
  A dire elephant zombie (Lair:5)
  3 guardian serpents (Desolation)
  16 vault sentinels
  4 water nymphs
  A rust devil (Depths:2)
  8 torpor snails
  5 demonic crawlers
  An unseen horror (shapeshifter) (D:9)
  A gargoyle (D:14)
  A komodo dragon (shapeshifter) (D:13)
  3 unseen horrors
  5 rime drakes
  7 cane toads
  7 komodo dragons
  A yaktaur zombie (Vaults:3)
  A yaktaur (shapeshifter) (Elf:1)
  An ice devil (Depths:3)
  36 yaktaurs
  A red devil (Depths:4)
  2 tengu conjurers
  3 freezing wraiths
  A guardian mummy (Zot:4)
  9 meliai
  A polar bear (Lair:1)
  4 hornets
  11 wind drakes
  8 trolls
  A wolf spider simulacrum (D:14)
  36 merfolk
  A troll (shapeshifter) (D:13)
  A hellwing (Abyss:2)
  40 tarantellas
  8 blink frogs
  46 saltlings (Desolation)
  3 spectral elephants (Lair:5)
  6 dream sheep
  A dream sheep (shapeshifter) (D:13)
  A slime creature (shapeshifter) (Vaults:5)
  12 snapping turtles
  A fire giant simulacrum (Depths:1)
  A frost giant simulacrum (Depths:1)
  5 air elementals
  38 slime creatures
  2 spriggans (Depths:4)
  42 jumping spiders
  A centaur simulacrum (D:14)
  7 shadows
  24 culicivoras
  Sigmund (D:4)
  2 wyverns
  3 fire bats (Depths:1)
  2 wraiths
  2 humans (D:7)
  4 fire elementals
  2 golden eyes (Depths:4)
  14 water elementals
  51 yaks
  A neqoxec (Depths:4)
  Grum (Lair:1)
  2 basilisks
  4 vampire mosquitoes (D:12)
  86 redbacks
  A human (shapeshifter) (Vaults:5)
  3 wargs
  A glowing shapeshifter zombie (Vaults:3)
  10 water moccasins
  An ice beast (D:7)
  49 orc warriors
  3 ogres
  2 sky beasts
  2 black bears
  3 centaurs
  3 wolves (Lair:1)
  7 boggarts
  2 phantoms
  3 human skeletons (Vaults:3)
  3 elephant skeletons (Lair:5)
  A kobold brigand (D:8)
  Blork the orc (Orc:2)
  4 small abominations (Abyss:2)
  2 gnoll sergeants
  2 scorpions
  11 bullfrogs
  2 earth elementals
  A troll zombie (D:11)
  3 elephant simulacra (Lair:5)
  13 killer bees
  6 electric eels
  7 howler monkeys
  A crimson imp (D:7)
  3 hounds
  26 orc priests
  A jelly (D:4)
  2 gnoll boudas (D:10)
  6 hell rats (Lair:4)
  5 iguanas
  25 orc wizards
  Natasha (twice) (D:4)
  5 ogre zombies (D:11)
  2 adders (D:3)
  22 gnolls
  A shadow imp (Abyss:2)
  A white imp (D:7)
  A worm (D:5)
  3 dart slugs
  107 orcs
  3 ball pythons
  6 endoplasms
  3 giant cockroaches
  7 goblins
  7 hobgoblins
  5 jackals
  3 quokkas
  11 bats
  3 frilled lizards (D:1)
  3 goblin skeletons (D:11)
  2 goblin zombies (D:11)
  A hobgoblin zombie (D:11)
  16 kobolds
  2 orc skeletons (D:11)
  11 orc zombies (D:11)
  3 rats (D:3)
  A ballistomycete spore (Lair:3)
  2 starspawn tentacles (Abyss:2)
2135 creatures vanquished.

Vanquished Creatures (collateral kills)
  A golden dragon (Vaults:5)
  A titan (Vaults:5)
  A very ugly thing (Depths:1)
  3 vault guards (Vaults:5)
  An ogre mage (Vaults:5)
  2 two-headed ogres (Vaults:5)
  4 hell knights (Vaults:4)
  An iron troll (Vaults:5)
  2 manticores (Shoals:3)
  12 ballistomycete spores
28 creatures vanquished.

Vanquished Creatures (others)
  An orb of fire (Zot:5)
  A fire giant (Depths:4)
  A deep elf zephyrmancer (Elf:1)
  A manticore (D:15)
  A saltling (Desolation)
  A water elemental (Shoals:4)
  3 humans (Spider:3)
  An orc warrior (Elf:2)
  An orc priest (Elf:2)
  A sleepcap (D:6)
  An orc wizard (Orc:1)
  An adder (D:6)
  An ufetubus (D:6)
  24 fungi
  A lurking horror (Abyss:2)
  3 pillars of salt (Desolation)
  278 plants
  4 starspawn tentacles (Abyss:2)
  4 tentacles (Shoals:2)
  7 toadstools (Lair:1)
  26 withered plants
362 creatures vanquished.

Grand Total: 2525 creatures vanquished

Notes
Turn   | Place    | Note
-------+----------+-------------------------------------------
     0 | D:1      | Hedron the Merfolk Gladiator began the quest for the Orb.
     0 | D:1      | Reached XP level 1. HP: 16/16 MP: 1/1
    55 | D:1      | Found a faded altar of an unknown god.
   254 | D:1      | Reached XP level 2. HP: 20/22 MP: 2/2
   425 | D:1      | Reached skill level 5 in Polearms
   609 | D:1      | Reached XP level 3. HP: 25/27 MP: 3/3
   660 | D:1      | Found Waulith's Book Emporium.
  1490 | D:3      | Found a stormy altar of Qazlal.
  1497 | D:3      | Identified the +4 kite shield "Goesuma" {rC+ rN+ Str+3}
  1642 | D:3      | Reached XP level 4. HP: 33/33 MP: 4/4
  1665 | D:3      | Found a glowing silver altar of Zin.
  1704 | D:3      | Noticed a +0 falchion
  1704 | D:3      | Noticed a +0 short sword
  1705 | D:3      | Noticed a +0 spear
  1706 | D:3      | Noticed a +0 dagger
  1706 | D:3      | Noticed a +0 dagger
  1707 | D:3      | Noticed a +0 short sword
  1709 | D:3      | Noticed a +0 falchion
  1710 | D:3      | Noticed a +0 spear
  1877 | D:3      | Reached XP level 5. HP: 38/38 MP: 5/5
  1901 | D:3      | Found a hide-covered altar of Uskayaw.
  1953 | D:3      | Found a blossoming altar of Fedhas.
  1959 | D:3      | Became a worshipper of Fedhas Madash
  2377 | D:4      | Reached XP level 6. HP: 43/44 MP: 6/6
  2404 | D:4      | Noticed Sigmund
  2415 | D:4      | Killed Sigmund
  2554 | D:4      | Reached XP level 7. HP: 50/50 MP: 7/7
  2586 | D:4      | Noticed Natasha
  2599 | D:4      | Reached skill level 10 in Polearms
  2606 | D:4      | Killed Natasha
  2613 | D:4      | Reached * piety under Fedhas
  2864 | D:4      | Got the Discourse on Beguiling Peregrination
  2948 | D:4      | Noticed Natasha
  2954 | D:4      | Killed Natasha
  3153 | D:5      | Entered Level 5 of the Dungeon
  3593 | D:5      | Reached XP level 8. HP: 56/56 MP: 8/8
  3596 | D:5      | Noticed a yak
  3617 | D:5      | Killed a yak
  3701 | D:5      | Noticed a yak
  3702 | D:5      | Noticed a yak
  3742 | D:5      | Killed a yak
  3742 | D:5      | Reached ** piety under Fedhas
  3789 | D:5      | Noticed a yak
  3793 | D:5      | Noticed a yak
  3793 | D:5      | Noticed a yak
  3818 | D:5      | Killed a yak
  3828 | D:5      | Killed a yak
  3835 | D:5      | Killed a yak
  3836 | D:5      | Reached skill level 5 in Dodging
  3847 | D:5      | Killed a yak
  3848 | D:5      | Reached skill level 7 in Dodging
  3848 | D:5      | Reached XP level 9. HP: 51/61 MP: 9/9
  4080 | D:4      | Reached skill level 8 in Dodging
  4860 | D:6      | Reached skill level 9 in Dodging
  5308 | D:6      | Reached skill level 10 in Dodging
  5584 | D:7      | Found a staircase to the Ecumenical Temple.
  5592 | Temple   | Entered the Ecumenical Temple
  6041 | D:7      | Reached skill level 5 in Fighting
  6159 | D:7      | Reached XP level 10. HP: 76/76 MP: 10/10
  6166 | D:7      | Reached *** piety under Fedhas
  6310 | D:7      | Found an iron altar of Okawaru.
  6465 | D:7      | Found a glowing golden altar of the Shining One.
  6990 | D:8      | Found a shadowy altar of Dithmenos.
  7096 | D:8      | Found a sparkling altar of Nemelex Xobeh.
  7104 | D:8      | Found a bloodstained altar of Trog.
  7415 | D:8      | Identified the +4 scale mail "Qinem" {Rampage rF+ rN++
                  | Int-2}
  7579 | D:8      | Noticed a centaur warrior
  7624 | D:8      | Killed a centaur warrior
  7888 | D:9      | Found a runed translucent gate.
  7888 | D:9      | Found a runed translucent gate.
  7888 | D:9      | Found a runed translucent gate.
  7889 | D:9      | Noticed a purple ugly thing
  7890 | D:9      | Noticed a green ugly thing
  7891 | D:9      | Noticed a glowing orange brain
  7891 | D:9      | a merfolk changed into a skyshark
  7891 | D:9      | Noticed a skyshark (glowing shapeshifter)
  7892 | D:9      | a skyshark changed into an elephant
  7892 | D:9      | Noticed an elephant (glowing shapeshifter)
  7893 | D:9      | Noticed a green ugly thing
  7893 | D:9      | Noticed a purple ugly thing
  8000 | D:9      | Noticed an entropy weaver
  8017 | D:9      | Killed an entropy weaver
  8017 | D:9      | Reached **** piety under Fedhas
  8195 | D:9      | Found an ancient bone altar of Kikubaaqudgha.
  8287 | D:9      | Found a basalt altar of Yredelemnul.
  8678 | D:9      | Found an ornate altar of the Wu Jian Council.
  8805 | D:10     | Entered Level 10 of the Dungeon
  9141 | D:10     | Reached XP level 11. HP: 81/81 MP: 11/11
  9162 | D:10     | Found a staircase to the Lair.
  9285 | D:10     | Noticed a two-headed ogre
  9298 | D:10     | Killed a two-headed ogre
  9533 | D:10     | Noticed a two-headed ogre
  9559 | D:10     | Killed a two-headed ogre
  9899 | D:10     | Reached ***** piety under Fedhas
 10786 | D:11     | Noticed a boulder beetle
 10977 | D:11     | Found a staircase to the Orcish Mines.
 11052 | D:11     | Noticed a boulder beetle
 11252 | Lair:1   | Entered Level 1 of the Lair of Beasts
 11277 | Lair:1   | Noticed Sonja
 11286 | D:10     | Reached skill level 1 in Invocations
 11428 | Lair:1   | Killed Sonja
 11583 | Lair:1   | Noticed Grum
 11618 | Lair:1   | Killed Grum
 11619 | Lair:1   | Reached skill level 5 in Invocations
 12129 | Lair:1   | Reached XP level 12. HP: 91/97 MP: 16/16
 12207 | Lair:1   | Noticed a dire elephant
 12207 | Lair:1   | Noticed a dire elephant
 12217 | Lair:1   | Reached skill level 1 in Armour
 12258 | Lair:1   | Found a runed translucent door.
 12456 | Lair:2   | Identified a scroll of acquirement
 12457 | Lair:2   | Acquired a +6 ring of dexterity
 12720 | Lair:2   | Noticed Gastronok
 12746 | Lair:2   | Killed Gastronok
 12761 | Lair:2   | Acquired a +1 demon trident of flaming
 12931 | Lair:2   | Reached skill level 11 in Dodging
 13164 | Lair:2   | Reached skill level 12 in Dodging
 13399 | Lair:3   | Noticed Rupert
 13399 | Lair:3   | Found a hole to the Spider Nest.
 13554 | Lair:3   | Killed Rupert
 13555 | Lair:3   | Reached skill level 13 in Dodging
 13702 | Lair:3   | Reached skill level 14 in Dodging
 13757 | Lair:3   | Found a staircase to the Shoals.
 13944 | Lair:3   | Reached skill level 15 in Dodging
 14047 | Lair:3   | Reached XP level 13. HP: 96/102 MP: 18/18
 14117 | Lair:3   | Identified the +8 chain mail of the Heavens {rPois Dex+2
                  | Slay+3}
 14599 | Lair:4   | Found a viscous altar of Jiyva.
 14600 | Lair:4   | Found a staircase to the Slime Pits.
 14717 | Lair:4   | Reached skill level 5 in Throwing
 15277 | Lair:5   | Entered Level 5 of the Lair of Beasts
 15914 | Lair:5   | Noticed noone's ghost (journeyman GrEE)
 15918 | Lair:5   | Found a transporter.
 15923 | Lair:5   | Found a transporter.
 16002 | Lair:5   | Noticed a dire elephant
 16003 | Lair:5   | Noticed a dire elephant
 16176 | Lair:5   | Found a bloodstained altar of Trog.
 16558 | Lair:5   | Reached skill level 5 in Armour
 16742 | Lair:5   | Reached ****** piety under Fedhas
 16772 | Lair:5   | Reached skill level 10 in Fighting
 17005 | Lair:5   | Killed a dire elephant
 17029 | Lair:5   | Killed a dire elephant
 17030 | Lair:5   | Reached XP level 14. HP: 89/113 MP: 19/19
 17682 | D:11     | Reached skill level 10 in Shields
 17889 | D:11     | Noticed Erica
 17908 | D:11     | Killed Erica
 18333 | Orc:1    | Entered Level 1 of the Orcish Mines
 18411 | Orc:1    | Found Rivev's Distillery.
 18597 | Orc:2    | Entered Level 2 of the Orcish Mines
 18823 | Orc:2    | Noticed Nergalle
 18826 | Orc:2    | Paralysed by an orc sorcerer for 3 turns
 19223 | Orc:1    | Killed Nergalle
 19842 | Orc:2    | Noticed Blork the orc
 19912 | Orc:2    | Killed Blork the orc
 20124 | Orc:2    | Noticed an orc warlord
 20160 | Orc:2    | Killed an orc warlord
 20226 | Orc:2    | Found Beurgh's Antique Weapon Boutique.
 20259 | Orc:2    | Found Paus's Book Boutique.
 20399 | Orc:2    | Found a staircase to the Elven Halls.
 20445 | Orc:2    | Found Beoh Lio's General Store.
 20451 | Orc:2    | Bought a potion of might for 44 gold pieces
 20460 | Orc:2    | Found Hygiuguwk's Antique Armour Boutique.
 20467 | Orc:2    | Bought the +3 pair of gauntlets of War {Slay+5} for 1092
                  | gold pieces
 20467 | Orc:2    | Found the +3 pair of gauntlets of War {Slay+5}
 20541 | Orc:1    | Bought a potion of curing for 33 gold pieces
 20541 | Orc:1    | Bought a potion of heal wounds for 55 gold pieces
 20541 | Orc:1    | Bought a potion of curing for 33 gold pieces
 21253 | D:12     | Reached XP level 15. HP: 120/121 MP: 21/21
 21596 | D:13     | Reached skill level 10 in Invocations
 21694 | D:13     | Noticed VeryBadPlayer's ghost (journeyman MiFi)
 21753 | D:13     | Found Hoqoto's Antique Armour Shop.
 21761 | D:13     | Bought a jewelled chain mail for 294 gold pieces
 21761 | D:13     | Identified the +0 chain mail of Purpose {Regen+} (You
                  | bought it in a shop on level 13 of the Dungeon)
 21782 | D:13     | Found a transporter.
 21785 | D:13     | Found a transporter.
 21943 | D:13     | Found a gate to the Vaults.
 23531 | D:15     | Entered Level 15 of the Dungeon
 23825 | D:15     | Paralysed by an orc sorcerer for 2 turns
 23867 | D:15     | Reached skill level 16 in Dodging
 24002 | D:15     | Found a staircase to the Depths.
 24372 | Abyss:2  | Cast into level 2 of the Abyss (a wizard)
 24381 | Abyss:2  | Noticed a tentacled starspawn
 24385 | D:15     | Escaped the Abyss
 24681 | Spider:1 | Entered Level 1 of the Spider Nest
 24689 | Lair:3   | Reached XP level 16. HP: 131/134 MP: 24/24
 24879 | Spider:1 | Noticed Aizul
 24910 | Lair:3   | Reached skill level 17 in Dodging
 24951 | Lair:3   | Killed Aizul
 25194 | Spider:1 | Reached skill level 18 in Dodging
 25203 | Spider:1 | Identified the ring of Ukkitz {+Blink rCorr Int+4 Slay+2}
 25217 | Spider:1 | Reached skill level 1 in Evocations
 25267 | Spider:1 | Got Hixusoh's Vellum of the Geodesic
 25498 | Spider:1 | Noticed Louise
 25519 | Spider:1 | Killed Louise
 25628 | Spider:1 | Reached skill level 5 in Evocations
 27353 | Spider:2 | Reached XP level 17. HP: 114/140 MP: 25/25
 27576 | Spider:3 | Noticed Agnes
 27591 | Spider:2 | Killed Agnes
 27625 | Spider:2 | Reached skill level 15 in Fighting
 28069 | Spider:3 | Noticed Arachne
 28080 | Spider:3 | Killed Arachne
 28130 | Spider:3 | Noticed Kirke
 28138 | Spider:3 | Killed Kirke
 28139 | Spider:3 | Reached skill level 19 in Dodging
 28451 | Spider:4 | Entered Level 4 of the Spider Nest
 28919 | Spider:4 | Reached skill level 20 in Dodging
 29578 | Spider:4 | Reached skill level 21 in Dodging
 29813 | Spider:4 | Identified the +1 pair of boots "Bupluafuru" {Harm}
 30091 | Spider:4 | Reached skill level 10 in Throwing
 30091 | Spider:4 | Reached XP level 18. HP: 149/149 MP: 26/26
 30404 | Spider:4 | Got a gossamer rune of Zot
 30500 | Shoals:1 | Entered Level 1 of the Shoals
 32036 | Shoals:2 | Found an iron altar of Okawaru.
 32093 | Shoals:2 | Noticed Polyphemus
 32123 | Shoals:2 | Killed Polyphemus
 32260 | Shoals:2 | Identified the +0 cloak "Ysip" {rF+ rN+ Dex-3}
 32881 | Shoals:3 | Noticed Ullipcorian's ghost (adept HOFi)
 32881 | Shoals:3 | Found a transporter.
 32901 | Shoals:3 | Found a transporter.
 33029 | Shoals:3 | Noticed Ilsuiw
 33572 | Shoals:3 | Killed Ilsuiw
 34057 | Shoals:3 | Noticed Mlioglotl
 34067 | Shoals:3 | Killed Mlioglotl
 34529 | Shoals:4 | Entered Level 4 of the Shoals
 34529 | Shoals:4 | Found Fackat's Magic Scroll Boutique.
 34701 | Shoals:3 | Reached XP level 19. HP: 149/157 MP: 27/27
 34753 | Shoals:4 | Reached skill level 10 in Evocations
 34867 | Shoals:4 | Bought a scroll of blinking for 120 gold pieces
 34867 | Shoals:4 | Bought a scroll of blinking for 120 gold pieces
 34867 | Shoals:4 | Bought a scroll of acquirement for 832 gold pieces
 34867 | Shoals:4 | Acquired 603 gold pieces
 35574 | Shoals:4 | Got a barnacled rune of Zot
 35616 | Shoals:4 | Identified the +1 ring mail of the Skies Above {-Cast Harm
                  | Str+5}
 36133 | Shoals:3 | Killed Ullipcorian's ghost
 36423 | Shoals:3 | Identified the +2 pair of boots of the Big Bang {Int+4}
 36741 | Lair:1   | Reached skill level 10 in Armour
 36773 | Lair:1   | Identified the +7 shortbow of Incongruity {freeze, rF+}
 36774 | Lair:1   | Identified the +3 scale mail "Baulad" {rN+ Int+3}
 36935 | D:9      | Found a runed translucent gate.
 36935 | D:9      | Found a runed translucent gate.
 36950 | D:9      | Found a runed translucent gate.
 36955 | D:9      | Noticed othur's ghost (journeyman GrFi)
 37142 | Vaults:1 | Entered Level 1 of the Vaults
 37158 | Vaults:1 | Found Fohas's Armour Boutique.
 38237 | Vaults:1 | Reached XP level 20. HP: 164/164 MP: 28/28
 38258 | Vaults:1 | Found Ceinilau's Jewellery Shoppe.
 38286 | Vaults:1 | Bought a ring of willpower for 450 gold pieces
 38286 | Vaults:1 | Bought the ring "Deleuk" {rElec rPois rC+ rN+} for 813 gold
                  | pieces
 39657 | Vaults:2 | Noticed Zenata
 39671 | Vaults:2 | Killed Zenata
 40232 | Vaults:2 | Found an ancient bone altar of Kikubaaqudgha.
 40240 | Vaults:2 | Found a staircase to the Crypt.
 40241 | Vaults:2 | Found a basalt altar of Yredelemnul.
 41469 | Vaults:3 | Reached skill level 15 in Shields
 41932 | Vaults:3 | You fall into a shaft and drop 1 floor!
 41960 | Vaults:4 | Reached skill level 15 in Polearms
 41960 | Vaults:4 | Reached XP level 21. HP: 170/171 MP: 30/30
 43083 | Vaults:4 | Found Fouckuiraxze's Assorted Antiques.
 43147 | Vaults:4 | Noticed an ancient lich
 43163 | Vaults:4 | Killed an ancient lich
 43610 | Vaults:4 | Found Zuomamai's Jewellery Shop.
 43870 | Vaults:4 | Identified the +4 falchion "Pyleb" {antimagic, Will+}
 43924 | Vaults:4 | Found Kosua's Magic Scroll Shoppe.
 43924 | Vaults:4 | Noticed Margery
 43936 | Vaults:4 | Killed Margery
 43968 | Vaults:4 | Bought a scroll of enchant weapon for 142 gold pieces
 44044 | Vaults:4 | Noticed Mennas
 44054 | Vaults:4 | Killed Mennas
 44362 | Depths:1 | Entered Level 1 of the Depths
 44362 | Depths:1 | Noticed Saint Roka
 44737 | Depths:1 | Killed Saint Roka
 45677 | Depths:1 | Noticed Bai Suzhen
 45719 | D:15     | Killed Bai Suzhen
 46161 | Depths:1 | Reached skill level 22 in Dodging
 46315 | Depths:1 | Reached XP level 22. HP: 128/178 MP: 27/31
 46567 | Depths:1 | Found a gateway to Hell.
 46986 | Depths:2 | Reached skill level 23 in Dodging
 47132 | Depths:2 | Found a one-way gate leading to the halls of Pandemonium.
 47366 | Depths:2 | Found Lockiffa's Distillery.
 47366 | Depths:2 | Found Umpuwus's Antique Armour Emporium.
 47388 | Depths:2 | Bought a potion of curing for 39 gold pieces
 47388 | Depths:2 | Bought a potion of might for 52 gold pieces
 47388 | Depths:2 | Bought a potion of heal wounds for 65 gold pieces
 47388 | Depths:2 | Bought a potion of curing for 39 gold pieces
 47388 | Depths:2 | Bought a potion of cancellation for 104 gold pieces
 47394 | Depths:2 | Bought an ichor-stained cloak for 342 gold pieces
 47394 | Depths:2 | Identified the +2 cloak of Nood {rF+ Dex+3} (You bought it
                  | in a shop on level 2 of the Depths)
 47759 | Depths:2 | Found a snail-covered altar of Cheibriados.
 47911 | Depths:3 | Noticed Boris
 48042 | Depths:2 | Killed Boris
 48043 | Depths:2 | Reached skill level 24 in Dodging
 48869 | Depths:3 | Found a one-way gate to the infinite horrors of the Abyss.
 49186 | Depths:3 | Noticed a golden dragon
 49215 | Depths:3 | Reached skill level 25 in Dodging
 49222 | Depths:2 | Killed a golden dragon
 49880 | Depths:4 | Entered Level 4 of the Depths
 49938 | Depths:4 | Identified the +5 plate armour of Hotaong {rF+++ rC- Int-5
                  | Dex+6}
 49993 | Depths:4 | Noticed a golden dragon
 50006 | Depths:4 | Killed a golden dragon
 50143 | Depths:4 | Gained mutation: Your system is resistant to poisons.
                  | (rPois) [a neqoxec]
 50341 | Depths:4 | Found a gate to the Realm of Zot.
 50482 | Depths:4 | Reached skill level 26 in Dodging
 50768 | Depths:4 | Noticed a golden dragon
 50795 | Depths:3 | Killed a golden dragon
 50847 | Depths:4 | Noticed a juggernaut
 50858 | Depths:4 | Killed a juggernaut
 50859 | Depths:4 | Reached XP level 23. HP: 184/184 MP: 32/32
 51436 | Depths:4 | Found a one-way gateway to a ziggurat.
 51436 | Depths:4 | Noticed an ancient lich
 51484 | Depths:4 | Reached skill level 27 in Dodging
 51574 | Depths:4 | Gained mutation: You occasionally shout uncontrollably at
                  | your foes. [a shining eye]
 51618 | Depths:4 | Found a viscous altar of Jiyva.
 52173 | Vaults:5 | Entered Level 5 of the Vaults
 52375 | Vaults:5 | Noticed a golden dragon
 52381 | Vaults:5 | Killed a golden dragon
 52697 | Vaults:5 | Noticed a golden dragon
 52724 | Vaults:5 | Killed a golden dragon
 52974 | Vaults:5 | Identified the +7 chain mail of Zon Ellaroe {Rampage rC+
                  | Stlth-}
 53165 | Abyss:2  | Cast into level 2 of the Abyss (a deep elf demonologist)
 53181 | Abyss:2  | Found a corrupted altar of Lugonu.
 53360 | Vaults:5 | Escaped the Abyss
 53390 | Vaults:5 | Identified the ring of the Piercing Gods {Fly rC+ Str+4
                  | Int+3}
 53466 | Vaults:5 | Reached XP level 24. HP: 114/204 MP: 32/32
 53692 | Vaults:5 | Identified the +1 long sword of a sewer {elec, rC+ Will+}
 53949 | Vaults:5 | Identified the +5 flail of the Teaching Gods {flame, rC+
                  | Dex+7}
 54371 | Vaults:5 | Noticed an ancient lich
 54385 | Vaults:5 | Found the +10 Black Knight's barding {ponderous, rPois rN+}
 54717 | Vaults:5 | Identified the +4 ring mail of the Iron City of Dis {Int+3
                  | Dex+3}
 54953 | Vaults:5 | Killed an ancient lich
 55107 | Vaults:5 | Got a silver rune of Zot
 55176 | Vaults:5 | Noticed a dread lich
 55188 | Vaults:5 | Killed a dread lich
 55357 | Vaults:5 | Noticed an ancient lich
 55365 | Vaults:5 | Killed an ancient lich
 55982 | Depths:4 | Noticed a juggernaut
 55997 | Depths:4 | Killed a juggernaut
 56016 | Zot:1    | Entered Level 1 of the Realm of Zot
 56824 | Elf:1    | Entered Level 1 of the Elven Halls
 56853 | Elf:1    | Found Xefahif's General Store.
 56859 | Elf:1    | Bought 2 throwing nets for 66 gold pieces
 56955 | Elf:1    | Found a crumbling gateway.
 56983 | Elf:1    | Paralysed by an air elemental for 1 turns
 56998 | Desolati | Entered the Desolation of Salt
 57364 | Desolati | Identified the +5 halberd "Yjijuj" {pain, Dex+3}
 57366 | Desolati | Got the Anthology of Atmospheric Heat
 57374 | Desolati | Identified the ring of Neurosis {rF+ Int+5 Slay+6 Stlth+}
 57456 | Desolati | Identified the +9 falchion "Xafos" {flame, rN+ Str+5 Int-2}
 57456 | Desolati | Identified the +0 chain mail of the Valley {rF+}
 57456 | Desolati | Identified the ring of Qair {+Blink rC+ Will+ rCorr}
 57548 | Desolati | Got Runid's Almanac of Burnt Maleficia
 57549 | Desolati | Identified the ring of Usypyseh {Will+ rCorr Dex+4}
 57554 | Desolati | Identified the ring of Kuemamem {rCorr Str+5}
 57578 | Desolati | Reached XP level 25. HP: 217/223 MP: 32/32
 57662 | Desolati | Identified the +2 trident of Massacring {drain, rF+++ rCorr
                  | Str-4 Int+3}
 57815 | Desolati | Got the Catalogue of Charred Violence
 57818 | Desolati | Identified the +6 dagger "Iremad" {antimagic, rC+ Int+2}
 58916 | Elf:2    | Found a runed translucent gate.
 58916 | Elf:2    | Found a runed translucent gate.
 58916 | Elf:2    | Found a runed translucent gate.
 59497 | Elf:2    | Found Qozemm's Distillery.
 59503 | Elf:2    | Bought a potion of resistance for 190 gold pieces
 59503 | Elf:2    | Bought a potion of curing for 57 gold pieces
 59503 | Elf:2    | Bought a potion of heal wounds for 95 gold pieces
 60530 | Elf:3    | Entered Level 3 of the Elven Halls
 61025 | Elf:3    | Found Tyrurat's Self-Improvement Boutique.
 61166 | Elf:3    | Noticed Mara
 61193 | Elf:3    | Noticed Hedron's illusion
 61203 | Elf:2    | Noticed Hedron's illusion
 61206 | Elf:2    | Killed Mara
 61503 | Elf:3    | Identified the +8 trident of Dizeen {flame, rPois}
 61508 | Elf:3    | Identified the amulet of Harule {Faith rF+}
 61675 | Elf:3    | Identified the ring of Tomorrow {Will+ MP+9 Int+2}
 61892 | Elf:3    | Identified the +3 pair of gloves "Zisaostu" {rC+ rN+ rCorr
                  | Stlth-}
 61894 | Elf:3    | Got Qopnonusk's Meditations on Blasphemous Words
 61904 | Elf:3    | Identified the staff of poison "Deottig" {rPois rC- Str+2
                  | Int+4}
 61908 | Elf:3    | Identified the staff of conjuration "Zauvvoyf" {+Blink
                  | rCorr Str-5 Dex+6}
 61988 | Elf:3    | Identified the staff of death "Upsefroz" {rN+ Dex+2}
 62746 | Zot:2    | Noticed Vv
 62874 | Zot:1    | Reached skill level 15 in Throwing
 62927 | Zot:1    | Killed Vv
 63372 | Zot:3    | Reached XP level 26. HP: 187/240 MP: 32/32
 63732 | Zot:4    | Found a transporter.
 63945 | Zot:4    | Noticed a dread lich
 63949 | Zot:4    | Killed a dread lich
 64327 | Zot:4    | Reached XP level 27. HP: 247/247 MP: 32/32
 64391 | Zot:4    | Found a transporter.
 64407 | Zot:5    | Entered Level 5 of the Realm of Zot
 65458 | Zot:5    | Noticed a dread lich
 65475 | Zot:5    | Killed a dread lich
 65771 | Zot:5    | Noticed an orb of fire
 65783 | Zot:5    | Killed an orb of fire
 65890 | Zot:5    | Noticed an orb of fire
 65901 | Zot:5    | Gained mutation: Your magical capacity is low. (-10% MP)
                  | [an orb of fire]
 65905 | Zot:5    | Gained mutation: You are strong-willed. (Will+) [an orb of
                  | fire]
 65908 | Zot:5    | Gained mutation: You occasionally lose the ability to read
                  | scrolls when taking damage. [an orb of fire]
 65910 | Zot:5    | Gained mutation: You have hidden genetic defects. [an orb
                  | of fire]
 65913 | Zot:5    | Gained mutation: You are dopey. (Int -2) [an orb of fire]
 65915 | Zot:5    | Killed an orb of fire
 65918 | Zot:5    | Noticed an orb of fire
 65942 | Zot:5    | Lost mutation: You have hidden genetic defects. [an orb of
                  | fire]
 65946 | Zot:5    | Killed an orb of fire
 66051 | Zot:5    | Lost mutation: You occasionally shout uncontrollably at
                  | your foes. [potion of mutation]
 66051 | Zot:5    | Lost mutation: Your magical capacity is low. (-10% MP)
                  | [potion of mutation]
 66051 | Zot:5    | Lost mutation: You are strong-willed. (Will+) [potion of
                  | mutation]
 66051 | Zot:5    | Lost mutation: You are dopey. (Int -2) [potion of mutation]
 66051 | Zot:5    | Gained mutation: Your spells are a little easier to cast,
                  | but a little less powerful. [potion of mutation]
 66052 | Zot:5    | Lost mutation: Your system is resistant to poisons. (rPois)
                  | [potion of mutation]
 66052 | Zot:5    | Lost mutation: Your spells are a little easier to cast, but
                  | a little less powerful. [potion of mutation]
 66052 | Zot:5    | Gained mutation: You have hidden genetic defects. [potion
                  | of mutation]
 66052 | Zot:5    | Gained mutation: You are strong-willed. (Will+) [potion of
                  | mutation]
 66052 | Zot:5    | Gained mutation: You have terrible hidden genetic defects.
                  | [potion of mutation]
 66052 | Zot:5    | Gained mutation: You are agile. (Dex +4, Str/Int -1)
                  | [potion of mutation]
 66053 | Zot:5    | Lost mutation: You have terrible hidden genetic defects.
                  | [potion of mutation]
 66053 | Zot:5    | Lost mutation: You are agile. (Dex +4, Str/Int -1) [potion
                  | of mutation]
 66053 | Zot:5    | Gained mutation: You are partially covered in iridescent
                  | scales. (AC +2) [potion of mutation]
 66053 | Zot:5    | Gained mutation: You have a somewhat thin skeletal
                  | structure. (Dex +2, Stealth+) [potion of mutation]
 66054 | Zot:5    | Lost mutation: You are strong-willed. (Will+) [potion of
                  | mutation]
 66054 | Zot:5    | Lost mutation: You occasionally lose the ability to read
                  | scrolls when taking damage. [potion of mutation]
 66054 | Zot:5    | Lost mutation: You have a somewhat thin skeletal structure.
                  | (Dex +2, Stealth+) [potion of mutation]
 66054 | Zot:5    | Gained mutation: Your spells are a little harder to cast,
                  | but a little more powerful. [potion of mutation]
 66054 | Zot:5    | Gained mutation: You do not regenerate when monsters are
                  | visible. [potion of mutation]
 66055 | Zot:5    | Lost mutation: You have hidden genetic defects. [potion of
                  | mutation]
 66055 | Zot:5    | Lost mutation: You are partially covered in iridescent
                  | scales. (AC +2) [potion of mutation]
 66055 | Zot:5    | Gained mutation: Your magical capacity is low. (-10% MP)
                  | [potion of mutation]
 66055 | Zot:5    | Gained mutation: You have hidden genetic potential. [potion
                  | of mutation]
 66056 | Zot:5    | Lost mutation: You have hidden genetic potential. [potion
                  | of mutation]
 66056 | Zot:5    | Lost mutation: You do not regenerate when monsters are
                  | visible. [potion of mutation]
 66056 | Zot:5    | Gained mutation: Your body sometimes deteriorates upon
                  | taking damage. [potion of mutation]
 66056 | Zot:5    | Gained mutation: You are partially covered in iridescent
                  | scales. (AC +2) [potion of mutation]
 66056 | Zot:5    | Gained mutation: You have hidden genetic defects. [potion
                  | of mutation]
 66056 | Zot:5    | Gained mutation: A frigid envelope surrounds you and
                  | freezes all who hurt you. [potion of mutation]
 66057 | Zot:5    | Lost mutation: You are partially covered in iridescent
                  | scales. (AC +2) [potion of mutation]
 66057 | Zot:5    | Lost mutation: Your magical capacity is low. (-10% MP)
                  | [potion of mutation]
 66057 | Zot:5    | Gained mutation: Your mind is acute. (Int +4, Str/Dex -1)
                  | [potion of mutation]
 66058 | Zot:5    | Lost mutation: You have hidden genetic defects. [potion of
                  | mutation]
 66058 | Zot:5    | Lost mutation: A frigid envelope surrounds you and freezes
                  | all who hurt you. [potion of mutation]
 66058 | Zot:5    | Gained mutation: Potions are less effective at restoring
                  | your health. [potion of mutation]
 66059 | Zot:5    | Lost mutation: Your mind is acute. (Int +4, Str/Dex -1)
                  | [potion of mutation]
 66059 | Zot:5    | Lost mutation: Your spells are a little harder to cast, but
                  | a little more powerful. [potion of mutation]
 66059 | Zot:5    | Gained mutation: You are partially covered in iridescent
                  | scales. (AC +2) [potion of mutation]
 66059 | Zot:5    | Gained mutation: You are partially covered in large bone
                  | plates. (SH +4) [potion of mutation]
 66059 | Zot:5    | Gained mutation: Your mind is acute. (Int +4, Str/Dex -1)
                  | [potion of mutation]
 66060 | Zot:5    | Lost mutation: You are partially covered in large bone
                  | plates. (SH +4) [potion of mutation]
 66060 | Zot:5    | Lost mutation: Your mind is acute. (Int +4, Str/Dex -1)
                  | [potion of mutation]
 66060 | Zot:5    | Lost mutation: Potions are less effective at restoring your
                  | health. [potion of mutation]
 66060 | Zot:5    | Gained mutation: Your flesh is cold resistant. (rC+)
                  | [potion of mutation]
 66073 | Zot:5    | Noticed an orb of fire
 66079 | Zot:5    | Gained mutation: You occasionally lose the ability to read
                  | scrolls when taking damage. [an orb of fire]
 66080 | Zot:5    | Gained mutation: Armour fits poorly on your strangely
                  | shaped body. [an orb of fire]
 66081 | Zot:5    | Killed an orb of fire
 66108 | Zot:5    | Noticed a dread lich
 66117 | Zot:5    | Killed a dread lich
 66218 | Zot:5    | Noticed an orb of fire
 66223 | Zot:5    | Gained mutation: You are frail. (-10% HP) [an orb of fire]
 66225 | Zot:5    | Gained mutation: Your spells are a little easier to cast,
                  | but a little less powerful. [an orb of fire]
 66226 | Zot:5    | Killed an orb of fire
 66227 | Zot:5    | Lost mutation: You are frail. (-10% HP) [potion of
                  | mutation]
 66227 | Zot:5    | Lost mutation: Your spells are a little easier to cast, but
                  | a little less powerful. [potion of mutation]
 66227 | Zot:5    | Gained mutation: Your system is resistant to poisons.
                  | (rPois) [potion of mutation]
 66521 | Zot:5    | Got the Orb of Zot
 66920 | D:6      | Noticed Plog the pandemonium lord
 67022 | D:$      | Escaped with the Orb!

Illustrated notes

Levels and vault maps discovered:
D:1:      nzn_arrival_crosshair, layout_basic, chequers_ecumenical_altar_twisty,
          serial_shops, nicolae_shop_window_shopping
D:2:      layout_basic
D:3:      layout_rooms, fedhas_altar_4, nicolae_uskayaw_en_pointe,
          mainiacjoe_overflow_boulevard, mainiacjoe_overflow_cross_hatched,
          grunt_ministairs_12
D:4:      layout_loops_cross, uniq_natasha, uniq_sigmund
D:5:      layout_basic, roderic_batcave, minmay_misc_feat_columns
D:6:      layout_cave_pods, st_stairs_5, kennysheep_cross_room,
          hangedman_decor_lopped
D:7:      layout_basic, lemuel_coloured_pillars_altar, okawaru_humans,
          minmay_temple_entry_drinking_statues, minmay_fire_ice_demons
D:8:      layout_loops_ring, mainiacjoe_overflow_chevrons,
          mainiacjoe_overflow_brackets, nicolae_overflow_crystal_walls,
          kennysheep_just_a_vault
D:9:      layout_loops_ring, lemuel_tele_altar, kennysheep_mini,
          mainiacjoe_overflow_catwalk,
          ploomutoo_gammafunk_ghost_potion_laboratory
D:10:     layout_loops_corners, lair_entry_dummy, special_room
          [special_room_orc], minivault_25_ag
D:11:     layout_irregular_city, zombieorc1_lemuel, serial_column_ruins,
          column_ruins_open_tiny, column_ruins_grid_1, column_ruins_open_tiny,
          column_ruins_open_small, column_ruins_open_tiny, uniq_erica
D:12:     layout_basic
D:13:     layout_long_grid, david_vaults_4, serial_shops, shop,
          gammafunk_ghost_mausoleum, drop_trap, kb_rosetta
D:14:     minmay_glassy_protrusions, layout_long_grid, serial_co_window_serial,
          co_window_corner_a, co_window_paths_a, co_window_corner_a,
          co_window_of_opportunity_a, co_window_corner_a,
          co_window_of_opportunity_b, co_window_corner_b,
          co_window_of_opportunity_c, co_window_unsneaky_path_c,
          co_window_cross_4, glass_columns_b, glass_columns_b, glass_columns_b,
          glass_columns_a, glass_columns_a
D:15:     hangedman_depths_entry_civil_slaughter, layout_loops_cross,
          hangedman_decor_slide_cut
Temple:   chequers_temple_sunken
Lair:1:   gammafunk_lair_enchanted_lake, layout_hall_layers, st_stairs_9,
          infiniplex_staircase_pool, uniq_sonja, uniq_grum
Lair:2:   layout_long_grid, columned_hall_lemuel, ldierk_geyser, uniq_gastronok
Lair:3:   layout_gridlike, minmay_shoals_entry_beasts, spider_nest_entry_a,
          lemuel_fruit_fields, uniq_rupert
Lair:4:   layout_loops_ring, slime_entry_1, serial_bayou_shore_a
Lair:5:   due_jungle_book, layout_misc_corridors, serial_rivers,
          chequers_serial_rivers_marsh, chequers_serial_rivers_micro_e,
          chequers_serial_rivers_small_3, chequers_serial_rivers_large_a,
          chequers_serial_rivers_micro_b, gammafunk_ghost_wrathful_warriors
Shoals:1: layout_shoals, nicolae_shoals_shepherds
Shoals:2: layout_shoals, lemuel_altar_in_water, nicolae_shoals_loop_pool,
          uniq_polyphemus
Shoals:3: layout_shoals, gammafunk_ghost_berserking_beasts, uniq_mlioglotl,
          uniq_ilsuiw
Shoals:4: shoals_end_grunt_garden, layout_shoals, serial_shops, shop
Spider:1: mumra_spider_spiderweb, uniq_louise, uniq_aizul
Spider:2: layout_spider_delve, hangedman_spider_tarantella_strand
Spider:3: layout_spider_delve, uniq_arachne, uniq_agnes, uniq_kirke
Spider:4: guppyfry_spider_rune, drop_trap
Orc:1:    layout_diamond_mine, serial_shops, nicolae_shop_tiny_waterfront
Orc:2:    grunt_orc_cross, layout_caves, statue_in_the_mist_lemuel
Elf:1:    layout_onion_city, portal_desolation_entry_nicolae_slug, serial_shops,
          nicolae_shop_peninsula, hangedman_elf_disciples, dk_noncrumbling_3
Elf:2:    elven_hall_of_blades_hangedman_original
          [infiniplex_blade_entry_pillars], layout_gridlike, minmay_shop_star
Elf:3:    minmay_elf_hall_furrowed, layout_gridlike, nicolae_shop_self_help,
          uniq_mara
Vaults:1: nicolae_vaults_theta, nicolae_vaults_prndl, vaults_room_corners,
          nicolae_vaults_house_1, hangedman_vaults_stitches,
          nicolae_vaults_layer_cake_slice,
          nicolae_vaults_taking_the_gang_shopping,
          nicolae_vaults_heart-shaped_vault, nicolae_vaults_closet_pinwheel_1,
          layout_vaults_quadrants, serial_shops, shop
Vaults:2: nicolae_vaults_sealed_display, nicolae_vaults_hexular_roomagon,
          ontoclasm_vaults_gallery, nicolae_vaults_network_quincunx
          [nicolae_vaults_network_quincunx_subvault,
          nicolae_vaults_network_quincunx_subvault,
          nicolae_vaults_network_quincunx_subvault,
          nicolae_vaults_network_quincunx_subvault,
          nicolae_vaults_network_quincunx_subvault],
          minmay_crypt_entry_necro_gods, ontoclasm_vaults_loading_screen,
          v_rooms_3, nicolae_vaults_network_s, nicolae_vaults_circle_grid_b,
          nicolae_vaults_double_plus_1, v_misc_14, ontoclasm_vaults_chip,
          nicolae_vaults_alarming, vaults_room_pool, layout_vaults_omnibox,
          uniq_zenata
Vaults:3: dpeg_vaults_hating_casters, hangedman_vaults_restitches,
          nicolae_vaults_closet_pinwheel_2, nicolae_vaults_wrenched,
          nicolae_vaults_offset_grid_hallway_2, nicolae_vaults_six-pack,
          nicolae_vaults_closet_pinwheel_5, nicolae_vaults_network_periphery,
          v_alt_pattern_3, nicolae_vaults_storage_room_water,
          ontoclasm_vaults_fault, layout_vaults_ring
Vaults:4: hangedman_vaults_maws, nicolae_vaults_tetromino_Z_1,
          nicolae_vaults_border_crossing, nicolae_vaults_trapezoid_3,
          nicolae_vaults_swerve, nicolae_vaults_ring_of_whatevers, v_misc_19,
          nicolae_vaults_trapezoid_lopsided_3, nicolae_vaults_frosty_reception,
          layout_vaults_omnicross, serial_shops, nicolae_shop_tiny_waterfront,
          shop, shop, uniq_margery, uniq_mennas
Vaults:5
Depths:1: layout_cave_pools, hangedman_decor_clover_reticule,
          pf_hell_entry_great_geh, minmay_misc_feat_five,
          minmay_fractal_squares_gapless_7, uniq_bai_suzhen, uniq_saint_roka
Depths:2: grunt_twist_and_shout, layout_twisted_cross, hell_entry,
          grunt_pan_entry_spiral, lemuel_round_altar,
          infiniplex_staircase_pool_2, minmay_shoptagon
Depths:3: kennysheep_blocky_room, layout_honeycomb, hell_entry,
          abyss_entry_small_statue_room, minmay_misc_feat_rugged,
          infiniplex_staircase_pillars_1, uniq_boris
Depths:4: grunt_crosshair, layout_small_grid, enter_ziggurat_c,
          grunt_pan_entry_sceptre, hell_entry, chequers_serial_rivers_micro_c,
          special_room [special_room_jelly]
Zot:1:    layout_onion, st_single_dragon_hoard_1, hangedman_zot_gyre
Zot:2:    layout_basic, uniq_vv
Zot:3:    gammafunk_its_a_trap, layout_cathedral_of_symmetry, grunt_megastairs_1
Zot:4:    hangedman_snap_crack_crunch, layout_onion, serial_nicolae_subway,
          nicolae_sub_station_crystal, nicolae_sub_station_stone,
          nicolae_sub_station_metal
Zot:5:    layout_misc_corridors, lemuel_baited_zot_trap

Skill      XL: |  1  2  3  4  5  6  7  8  9 10 11 12 13 14 15 16 17 18 19 20 21 22 23 24 25 26 27 |
---------------+----------------------------------------------------------------------------------+-----
Polearms       | 5 6 7 8 9 11 14 15 18 | 18.0
Dodging        | 7 10 15 16 18 21 22 26 27 | 27.0
Fighting       | 5 6 9 11 12 14 15 16 20 24 26 | 26.6
Shields        | 8 9 12 15 | 15.5
Invocations    | 6 7 8 11 12 | 12.8
Armour         | 3 5 6 8 13 | 13.9
Throwing       | 8 10 12 13 16 19 22 | 22.1
Evocations     | 8 9 11 | 11.2

Action                     |  1- 3 |  4- 6 |  7- 9 | 10-12 | 13-15 | 16-18 | 19-21 | 22-24 | 25-27 || total
---------------------------+-------+-------+-------+-------+-------+-------+-------+-------+-------++-------
  Melee: Trident           |   129 |   111 |   333 |   746 |       |       |       |       |       ||  1319
         Demon trident     |       |       |       |   201 |  1402 |  1474 |  1893 |  1859 |  1287 ||  8116
         Tailslap          |       |       |       |     5 |       |    58 |    21 |     7 |       ||    91
  Throw: Throwing net      |       |     1 |     4 |     2 |       |       |       |       |       ||     7
         Stone             |       |       |       |     1 |       |       |       |       |       ||     1
         Dart              |       |       |       |     1 |       |       |     3 |       |       ||     4
         Boomerang         |       |       |       |       |    14 |    55 |     6 |    12 |       ||    87
         Javelin           |       |       |       |       |       |       |    23 |    98 |    68 ||   189
 Invoke: Wall of Briars    |       |       |     1 |     4 |     1 |       |       |       |       ||     6
         Grow Ballistomyce |       |       |       |     3 |     1 |       |       |       |       ||     4
         Grow Oklob        |       |       |       |       |     1 |     4 |     8 |     7 |     2 ||    22
         Overgrow          |       |       |       |       |       |       |       |     1 |       ||     1
Ability: Evoke Blink       |       |       |       |       |       |       |     2 |       |       ||     2
  Evoke: Wand              |       |       |       |     3 |       |       |       |     1 |       ||     4
         Box of beasts     |       |       |       |       |       |     1 |       |       |       ||     1
    Use: Scroll            |     4 |     3 |     8 |    13 |     8 |     4 |     7 |    10 |     4 ||    61
         Potion            |       |     2 |     1 |     3 |     4 |    10 |       |    13 |    17 ||    50
   Stab: Held in net/web   |       |     1 |     3 |       |       |       |     1 |       |       ||     5
         Sleeping          |       |       |       |     1 |       |       |       |       |       ||     1
         Invisible         |       |       |       |     2 |       |       |       |       |       ||     2
         Confused          |       |       |       |     5 |       |       |       |       |       ||     5
         Distracted        |       |       |       |       |       |     2 |     1 |     6 |     4 ||    13
         Petrified         |       |       |       |       |       |     3 |       |       |       ||     3
 Armour: Scale mail        |    29 |    18 |    50 |    59 |     1 |       |       |       |       ||   157
         Leather armour    |       |       |       |     6 |       |       |       |       |       ||     6
         Chain mail        |       |       |       |       |   149 |   256 |   287 |    93 |       ||   785
         Plate armour      |       |       |       |       |       |       |       |   149 |   183 ||   332
  Dodge: Dodged            |    43 |    20 |    57 |   172 |   280 |   708 |   642 |   577 |   389 ||  2888
  Block: Kite shield       |    14 |    45 |    99 |   524 |   941 |  1537 |  1414 |  1221 |   887 ||  6682
         Reflection        |       |       |       |     7 |    51 |   108 |   100 |    49 |    52 ||   367
